 Dungeon Crawl Stone Soup version 0.28-a0-206-gc2c9e32840 (webtiles) character file.

Game seed: 6858647726140847863

84 tilp the Sneak (level 4, 19/19 HPs)
             Began as a Felid Hedge Wizard on Aug 20, 2021.
             Quit the game on level 3 of the Dungeon.
             The game lasted 00:07:46 (4060 turns).

tilp the Sneak (Felid Hedge Wizard)                 Turns: 4060, Time: 00:07:47

Health: 19/19      AC:  1    Str:  6    XL:     4   Next: 23%
Magic:  9/9        EV: 18    Int: 17    God:
Gold:   51         SH:  0    Dex: 15    Spells: 4/9 levels left
                                        Lives:  0   Deaths: 1

rFire   . . .      SeeInvis +     - Unarmed
rCold   . . .      Faith    .   (shield unavailable)
rNeg    . . .      Spirit   .   (armour unavailable)
rPois   .          Reflect  .   (helmet unavailable)
rElec   .          Harm     .   (cloak unavailable)
rCorr   .          Rampage  .   (gloves unavailable)
Will    .....                   (boots unavailable)
Stlth   +++.......              (no amulet)
HPRegen 0.06/turn               (no ring)
MPRegen 0.11/turn               (no ring)

@: quick
A: very small, claws 1, fangs 3, see invisible, speed 1, shaggy fur 1, stealthy
paws, no weapons or thrown items, no armour, multi-lived
a: no special abilities


You were on level 3 of the Dungeon.
You visited 1 branch of the dungeon, and saw 3 of its levels.

You collected 51 gold pieces.

Inventory:

Scrolls
 b - 2 scrolls of teleportation
Potions
 a - a potion of haste
 c - 3 potions of might {unknown}
 d - a potion of attraction {unknown}
 e - a potion of cancellation {unknown}


   Skills:
 - Level 2.0 Fighting
 - Level 4.0 Dodging
 - Level 4.0 Stealth
 - Level 2.0 Unarmed Combat
 - Level 3.0 Spellcasting
 + Level 2.1 Conjurations
 + Level 1.2 Summonings
 + Level 1.9 Translocations


You had 4 spell levels left.
You knew the following spells:

 Your Spells              Type           Power      Damage    Failure   Level
a - Magic Dart            Conj           36%        1d4       8%          1
b - Call Imp              Summ           6%         N/A       16%         2
c - Blink                 Tloc           N/A        N/A       12%         2

Your spell library contained the following spells:

 Spells                   Type           Power      Damage    Failure   Level
 Static Discharge         Conj/Air       6%         N/A       17%         2
 Slow                     Hex            2%         N/A       26%         2
 Conjure Flame            Conj/Fire      6%         6-21      34%         3
 Mephitic Cloud           Conj/Pois/Air  4%         N/A       36%         3
 Lightning Bolt           Conj/Air       3%         1d14      97%         5
 Maxwell's Capacitive Co  Air            1%         ∞         100%        8


Dungeon Overview and Level Annotations

Branches:
Dungeon (3/15)

Altars:

Shops:
D:1 (

Annotations:
D:2 roaming bear!


Innate Abilities, Weirdness & Mutations

You have sharp claws.
You have razor-sharp teeth.
You have supernaturally acute eyesight. (SInv)
You cover ground quickly. (Speed+)
You are covered in fur. (AC +1)
Your paws help you pounce on unaware monsters.
You are incapable of wielding weapons or throwing items.
You cannot wear armour.
You gain extra lives every three experience levels.


Message History

Magic restored.
You start resting.
HP restored.
There is a stone staircase leading down here.
Unknown command.
You climb downwards.
The orc priest invokes the aid of Beogh against you.
Pain shoots through your body!
There is a stone staircase leading up here.
Unknown command.
Casting: Magic Dart (safe; 8% risk of failure)
Confirm with . or Enter, or press ? or * to list all spells.
A beastly little devil appears in a puff of flame.
Casting: Call Imp (safe; 16% risk of failure)
Confirm with . or Enter, or press ? or * to list all spells.
You miscast Call Imp.
You are very lightly contaminated with residual magic.
Nothing appears to happen.
The orc priest closely misses you.
The orc priest hits your crimson imp with a +0 war axe!
Your crimson imp blinks!
Casting: Call Imp (safe; 16% risk of failure)
Confirm with . or Enter, or press ? or * to list all spells.
You miscast Call Imp.
Nothing appears to happen.
The orc priest hits you with a +0 war axe!
Unknown command.
Casting: Call Imp (safe; 16% risk of failure)
Confirm with . or Enter, or press ? or * to list all spells.
A beastly little devil appears in a puff of flame.
Your crimson imp says, "I bow to your vassalage, my magnificent and greatest ruler!"
The orc priest mumbles some strange prayers to Beogh against you.
Beogh smites you!
Ouch! That really hurt!
You die...
You are now level 4!
You rejoin the land of the living...
Found a spear and a book of Party Tricks.
Unknown command.
Unknown command.
Unknown command.
Are you sure you want to abandon this character and quit the game? (Confirm with "yes".)

#.# .. ..# ..
###.### # ..:..
....##..##
#.....@.#
.....#..## ###
#..# #...
##...........#.#.
##............#.
..
..............##
.#
#..............
.. .............#


There were no monsters in sight!

Vanquished Creatures
  Natasha (D:2)
  An adder (D:3)
  2 gnolls (D:3)
  4 orcs
  8 bats
  8 endoplasms
  A giant cockroach (D:1)
  6 hobgoblins
  2 kobolds (D:2)
  3 quokkas
  4 ball pythons
  A frilled lizard (D:1)
  6 goblins
  5 rats
52 creatures vanquished.

Vanquished Creatures (collateral kills)
  Jessica (D:2)
  Natasha (twice) (D:2)
  2 adders (D:2)
  A worm (D:2)
6 creatures vanquished.

Vanquished Creatures (others)
  A plant (D:1)
1 creature vanquished.

Grand Total: 59 creatures vanquished

Notes
Turn   | Place    | Note
-------+----------+-------------------------------------------
     0 | D:1      | tilp the Felid Hedge Wizard began the quest for the Orb.
     0 | D:1      | Reached XP level 1. HP: 7/7 MP: 5/5
    29 | D:1      | Reached skill level 1 in Conjurations
   347 | D:1      | Found Mopet's Weapon Boutique.
   408 | D:1      | Reached XP level 2. HP: 11/11 MP: 4/7
   468 | D:1      | Learned a level 2 spell: Call Imp
   471 | D:1      | Learned a level 2 spell: Blink
   721 | D:1      | Reached skill level 1 in Unarmed Combat
  1445 | D:2      | Reached XP level 3. HP: 9/14 MP: 2/8
  1590 | D:2      | Noticed Natasha
  1598 | D:2      | Killed Natasha
  1985 | D:2      | Noticed Natasha
  2004 | D:2      | Killed Natasha
  2005 | D:2      | Reached skill level 1 in Fighting
  2005 | D:2      | Reached XP level 4. HP: 13/19 MP: 0/9
  2637 | D:2      | Noticed Jessica
  2641 | D:2      | Noticed a black bear
  2643 | D:2      | Killed Jessica
  2872 | D:2      | Found a faded altar of an unknown god.
  3094 | D:2      | Noticed Natasha
  3102 | D:2      | Killed Natasha
  3306 | D:3      | Reached XP level 5. HP: 12/22 MP: 3/10
  4059 | D:3      | Killed from afar by an orc priest
  4060 | D:3      | Reached XP level 4. HP: -4/19 MP: 2/9
  4060 | D:3      | Quit the game

Illustrated notes

Levels and vault maps discovered:
D:1:      kennysheep_arrival_seaside, layout_loops_ring, serial_shops, shop
D:2:      layout_loops_ring, hellmonk_ecumenical_altar_leap_of_faith,
          corexii_leaking_fountain, chequers_avenue,
          chequers_serial_rivers_micro_b, minmay_pentomino_o4, uniq_natasha,
          uniq_jessica
D:3:      layout_basic, minmay_door_square

Skill      XL: |  1  2  3  4  5 |
---------------+----------------+-----
Conjurations   | 1 2 |  2.1
Unarmed Combat | 1 2 |  2.0
Stealth        | 3 4 |  4.0
Dodging        | 3 4 |  4.0
Fighting       | 1 2 |  2.0
Spellcasting   | |  3.0
Summonings     | |  1.2
Translocations | |  1.9

Action                   |  1- 3 |  4- 6 || total
-------------------------+-------+-------++-------
Melee: Unarmed           |    18 |    48 ||    66
       Bite              |     1 |     6 ||     7
 Cast: Magic Dart        |    84 |    40 ||   124
       Call Imp          |     5 |    18 ||    23
  Use: Scroll            |     3 |     1 ||     4
 Stab: Sleeping          |       |     3 ||     3
       Distracted        |       |     1 ||     1
Armor: Skin              |       |     1 ||     1
Dodge: Dodged            |    20 |    46 ||    66

Table legend: (Time is in decaauts)
 A = Elapsed time spent in this place.
 B = Non-inter-level travel time spent in this place.
 C = Inter-level travel time spent in this place.
 D = Time resting spent in this place.
 E = Time spent auto-exploring this place.
 F = Levels seen in this place.
 G = Mean time per level.
                   A        B        C        D        E       F      G
               +--------+--------+--------+--------+--------+-----+--------+
         Total |   3740 |   3572 |    168 |   1344 |   1804 |   3 | 1246.7 |
       Dungeon |   3740 |   3572 |    168 |   1344 |   1804 |   3 | 1246.7 |
               +--------+--------+--------+--------+--------+-----+--------+

Top non-repeatable levels by time:
     D:2: 1954 daAuts
     D:1: 1456 daAuts
     D:3: 329 daAuts
